3A
BELLEVUE BRUINS @ KENNESAW JETS
07/05/2024
 
TOP OF THE 1ST
Bellevue Bruins batting - Pitching for Kennesaw Jets : RHP Gil Reeves
Pitching: RHP Gil Reeves
Batting: RHB Jesús Vargas 0-0: Called Strike
0-1: Ball
1-1: Foul Ball, location: 2F
1-2: Ball
2-2: Ball
3-2: Fly out, F3 (Popup, 3D)
Batting: LHB José Barrón 0-0: Ball
1-0: Ball
2-0: SINGLE (Flyball, 89S)
Batting: RHB Gary Chalmers 0-0: Ball
José Barrón steals 2nd base
1-0: Ball
2-0: Called Strike
2-1: Fly out, F8 (Flyball, 8LM)
Batting: LHB Chia-ch'ing Dodman 0-0: Swinging Strike
0-1: Foul Ball, location: 2F
0-2: Strikes out looking
Top of the 1st over - 0 run(s), 1 hit(s), 0 error(s), 1 left on base; Bellevue 0 - Kennesaw 0
BOTTOM OF THE 1ST
Kennesaw Jets batting - Pitching for Bellevue Bruins : RHP Alfonso Santa Maria
Pitching: RHP Alfonso Santa Maria
Batting: RHB Marc Beck 0-0: Ball
1-0: SINGLE (Line Drive, 9S)
Batting: RHB Juan Camacho 0-0: Foul Ball, location: 2F
0-1: Called Strike
0-2: Foul Ball, location: 2F
0-2: Ball
1-2: Strikes out swinging
Batting: RHB José Piña 0-0: Ball
1-0: Ball
2-0: Ball
3-0: Called Strike
3-1: Called Strike
3-2: Foul Ball, location: 2F
3-2: Foul Ball, location: 2F
3-2: Strikes out swinging
Marc Beck is caught stealing 2nd base
Batter strikes out.
Bottom of the 1st over - 0 run(s), 1 hit(s), 0 error(s), 0 left on base; Bellevue 0 - Kennesaw 0
TOP OF THE 2ND
Bellevue Bruins batting - Pitching for Kennesaw Jets : RHP Gil Reeves
Batting: SHB Jesús Rodríguez 0-0: Ball
1-0: Ball
2-0: Called Strike
2-1: Ball
3-1: SINGLE (Line Drive, 6MD)
Batting: LHB Jim Schlossnagle 0-0: Ball
1-0: Ball
2-0: Ball
3-0: Base on Balls
Jesús Rodríguez to second
Batting: RHB Luis Ríos 0-0: Called Strike
0-1: DOUBLE (Line Drive, 78S)
Jesús Rodríguez scores
Jim Schlossnagle to third
Batting: LHB Orlando López 0-0: Ball
1-0: Ground out 4-3 (Groundball, 4M)
Jim Schlossnagle scores
Luis Ríos to third
Batting: RHB Nick Hoskins 0-0: Called Strike
0-1: Ball
1-1: Swinging Strike
1-2: Strikes out swinging
Batting: RHB Jesús Vargas 0-0: Called Strike
0-1: Ball
1-1: Ball
2-1: Ball
3-1: Base on Balls
Batting: LHB José Barrón 0-0: Ball
1-0: Foul Ball, location: 2F
1-1: Ball
2-1: Ball
3-1: Base on Balls
Jesús Vargas to second
Batting: RHB Gary Chalmers 0-0: Called Strike
0-1: Ball
1-1: Ball
2-1: Ground out 6-3 (Groundball, 6)
Top of the 2nd over - 2 run(s), 2 hit(s), 0 error(s), 3 left on base; Bellevue 2 - Kennesaw 0
BOTTOM OF THE 2ND
Kennesaw Jets batting - Pitching for Bellevue Bruins : RHP Alfonso Santa Maria
Batting: LHB Raúl Godines 0-0: Foul Ball, location: 2F
0-1: Ball
1-1: Ball
2-1: Ball
3-1: Called Strike
3-2: Fly out, F8 (Flyball, 8RM)
Batting: RHB Christopher Pabst 0-0: Fly out, F8 (Flyball, 8RM)
Batting: SHB Buck Bettis 0-0: DOUBLE (Line Drive, 89M)
Batting: RHB Elliot Alderson 0-0: Fly out, F5 (Line Drive, 5)
Bottom of the 2nd over - 0 run(s), 1 hit(s), 0 error(s), 1 left on base; Bellevue 2 - Kennesaw 0
TOP OF THE 3RD
Bellevue Bruins batting - Pitching for Kennesaw Jets : RHP Gil Reeves
Batting: LHB Chia-ch'ing Dodman 0-0: Swinging Strike
0-1: Ground out 4-3 (Groundball, 4)
Batting: SHB Jesús Rodríguez 0-0: Ball
1-0: Ball
2-0: Ball
3-0: Called Strike
3-1: Base on Balls
Batting: LHB Jim Schlossnagle 0-0: Fielders Choice at 2nd, 1-6 (Groundball, 15)
Batting: RHB Luis Ríos 0-0: Fly out, F1 (Flyball, 15)
Top of the 3rd over - 0 run(s), 0 hit(s), 0 error(s), 1 left on base; Bellevue 2 - Kennesaw 0
BOTTOM OF THE 3RD
Kennesaw Jets batting - Pitching for Bellevue Bruins : RHP Alfonso Santa Maria
Batting: RHB Ernesto López 0-0: Foul Ball, location: 2F
0-1: Fly out, F8 (Flyball, 8LM)
Batting: RHB Ben Simpson 0-0: Ball
1-0: Ball
2-0: Foul Ball, location: 2F
2-1: Swinging Strike
2-2: Ball
3-2: Strikes out swinging
Batting: RHB Marc Beck 0-0: Ball
1-0: Fly out, F9 (Flyball, 9LM)
Bottom of the 3rd over - 0 run(s), 0 hit(s), 0 error(s), 0 left on base; Bellevue 2 - Kennesaw 0
TOP OF THE 4TH
Bellevue Bruins batting - Pitching for Kennesaw Jets : RHP Gil Reeves
Batting: LHB Orlando López 0-0: Ground out 4-3 (Groundball, 4)
Batting: RHB Nick Hoskins 0-0: Ball
1-0: Called Strike
1-1: Ball
2-1: Ball
3-1: Ground out 6-3 (Groundball, 6)
Batting: RHB Jesús Vargas 0-0: Called Strike
0-1: Ball
1-1: Swinging Strike
1-2: Ball
2-2: Foul Ball, location: 2F
2-2: Foul Ball, location: 2F
2-2: Ball
3-2: Base on Balls
Batting: LHB José Barrón 0-0: Ball
Wild Pitch!
Jesús Vargas to second
1-0: Swinging Strike
1-1: Ball
2-1: Swinging Strike
2-2: Foul Ball, location: 2F
2-2: Strikes out swinging
Top of the 4th over - 0 run(s), 0 hit(s), 0 error(s), 1 left on base; Bellevue 2 - Kennesaw 0
BOTTOM OF THE 4TH
Kennesaw Jets batting - Pitching for Bellevue Bruins : RHP Alfonso Santa Maria
Batting: RHB Juan Camacho 0-0: Swinging Strike
0-1: Foul Ball, location: 2F
0-2: Foul Ball, location: 2F
0-2: Strikes out swinging
Batting: RHB José Piña 0-0: Fly out, F9 (Flyball, 89M)
Batting: LHB Raúl Godines 0-0: Called Strike
0-1: Ball
1-1: Called Strike
1-2: Ball
2-2: Ball
3-2: Fly out, F8 (Flyball, 8LS)
Bottom of the 4th over - 0 run(s), 0 hit(s), 0 error(s), 0 left on base; Bellevue 2 - Kennesaw 0
TOP OF THE 5TH
Bellevue Bruins batting - Pitching for Kennesaw Jets : RHP Gil Reeves
Batting: RHB Gary Chalmers 0-0: Fly out, F9 (Flyball, 89M)
Batting: LHB Chia-ch'ing Dodman 0-0: Called Strike
0-1: DOUBLE (Flyball, 8RXD)
Batting: SHB Jesús Rodríguez 0-0: Ball
1-0: Called Strike
1-1: Ball
2-1: Ground out 4-3 (Groundball, 4)
Chia-ch'ing Dodman to third
Batting: LHB Jim Schlossnagle 0-0: Ball
1-0: DOUBLE (Flyball, 8LXD)
Chia-ch'ing Dodman scores
Batting: RHB Luis Ríos 0-0: Ball
1-0: Swinging Strike
1-1: Ball
2-1: Foul Ball, location: 2F
2-2: Ball
3-2: Base on Balls
Batting: LHB Orlando López 0-0: Foul Ball, location: 2F
0-1: Called Strike
0-2: Ball
1-2: Foul Ball, location: 2F
1-2: Ground out 6-3 (Groundball, 6)
Top of the 5th over - 1 run(s), 2 hit(s), 0 error(s), 2 left on base; Bellevue 3 - Kennesaw 0
BOTTOM OF THE 5TH
Kennesaw Jets batting - Pitching for Bellevue Bruins : RHP Alfonso Santa Maria
Batting: RHB Christopher Pabst 0-0: Called Strike
0-1: Ball
1-1: Ground out 6-3 (Groundball, 6)
Batting: SHB Buck Bettis 0-0: Ball
1-0: Ball
2-0: Ball
3-0: Called Strike
3-1: Called Strike
3-2: Base on Balls
Batting: RHB Elliot Alderson 0-0: SINGLE (Groundball, 5D)
Buck Bettis to second
Batting: RHB Ernesto López 0-0: Ball
1-0: Foul Ball, location: 2F
1-1: Grounds into double play, 6-4-3 (Groundball, 6)
Bottom of the 5th over - 0 run(s), 1 hit(s), 0 error(s), 1 left on base; Bellevue 3 - Kennesaw 0
TOP OF THE 6TH
Bellevue Bruins batting - Pitching for Kennesaw Jets : RHP Gil Reeves
Batting: RHB Nick Hoskins 0-0: Fly out, F7 (Flyball, 78M)
Batting: RHB Jesús Vargas 0-0: Called Strike
0-1: Ground out 6-3 (Groundball, 6)
Batting: LHB José Barrón 0-0: Called Strike
0-1: SINGLE (Groundball, 4MD)
Pitching: RHP Lonnie Bowling
Batting: RHB Gary Chalmers 0-0: Ball
José Barrón steals 2nd base
1-0: Foul Ball, location: 2F
1-1: Ball
2-1: Called Strike
2-2: Strikes out swinging
Top of the 6th over - 0 run(s), 1 hit(s), 0 error(s), 1 left on base; Bellevue 3 - Kennesaw 0
BOTTOM OF THE 6TH
Kennesaw Jets batting - Pitching for Bellevue Bruins : RHP Alfonso Santa Maria
Batting: RHB Ben Simpson 0-0: Foul Ball, location: 2F
0-1: Ball
1-1: Called Strike
1-2: Fly out, F8 (Flyball, 8RM)
Batting: RHB Marc Beck 0-0: Fly out, F8 (Flyball, 8RS)
Batting: RHB Juan Camacho 0-0: Called Strike
0-1: Ball
1-1: Foul Ball, location: 2F
1-2: Ball
2-2: Ground out 5-3 (Groundball, 56)
Bottom of the 6th over - 0 run(s), 0 hit(s), 0 error(s), 0 left on base; Bellevue 3 - Kennesaw 0
TOP OF THE 7TH
Bellevue Bruins batting - Pitching for Kennesaw Jets : RHP Lonnie Bowling
Batting: LHB Chia-ch'ing Dodman 0-0: Ball
1-0: Ball
2-0: SINGLE (Flyball, 7LS)
Batting: SHB Jesús Rodríguez 0-0: Foul Ball, location: 2F
0-1: Foul Ball, location: 2F
0-2: Ground out U3 (Groundball, 3S)
Chia-ch'ing Dodman to second
Batting: LHB Jim Schlossnagle 0-0: Intentional Walk
Batting: RHB Luis Ríos 0-0: Called Strike
0-1: SINGLE (Flyball, 89M)
Chia-ch'ing Dodman to third
Jim Schlossnagle to second
Batting: LHB Orlando López 0-0: Ball
1-0: Ball
2-0: Foul Ball, location: 2F
2-1: Foul Ball, location: 2F
2-2: Ball
3-2: Base on Balls
Chia-ch'ing Dodman scores
Jim Schlossnagle to third
Luis Ríos to second
Batting: RHB Nick Hoskins 0-0: Ball
1-0: Foul Ball, location: 2F
1-1: Called Strike
1-2: Foul Ball, location: 2F
1-2: Ball
2-2: Foul Ball, location: 2F
2-2: Ball
3-2: Strikes out swinging
Batting: RHB Jesús Vargas 0-0: Ball
1-0: Ball
2-0: Ball
3-0: Base on Balls
Jim Schlossnagle scores
Luis Ríos to third
Orlando López to second
Batting: LHB José Barrón 0-0: Foul Ball, location: 2F
0-1: Ball
1-1: Called Strike
1-2: Strikes out looking
Top of the 7th over - 2 run(s), 2 hit(s), 0 error(s), 3 left on base; Bellevue 5 - Kennesaw 0
BOTTOM OF THE 7TH
Kennesaw Jets batting - Pitching for Bellevue Bruins : RHP Alfonso Santa Maria
Batting: RHB José Piña 0-0: Ball
1-0: SINGLE (Line Drive, 34)
Batting: LHB Raúl Godines 0-0: Called Strike
0-1: Ball
1-1: Ball
2-1: Grounds into double play, 4-6-3 (Groundball, 4)
Batting: RHB Christopher Pabst 0-0: Called Strike
0-1: Fly out, F9 (Flyball, 89S)
Bottom of the 7th over - 0 run(s), 1 hit(s), 0 error(s), 0 left on base; Bellevue 5 - Kennesaw 0
TOP OF THE 8TH
Bellevue Bruins batting - Pitching for Kennesaw Jets : RHP Lonnie Bowling
Batting: RHB Gary Chalmers 0-0: Ball
1-0: Ball
2-0: Called Strike
2-1: SOLO HOME RUN (Flyball, 7D), Distance : 373 ft
Pitching: LHP Troy Thorn
Batting: LHB Chia-ch'ing Dodman 0-0: Ball
1-0: SINGLE (Line Drive, 89M)
Batting: SHB Jesús Rodríguez 0-0: Ball
1-0: Ball
Chia-ch'ing Dodman is caught stealing 2nd base
2-0: Ball
3-0: Called Strike
3-1: Foul Ball, location: 2F
3-2: Strikes out swinging
Batting: LHB Jim Schlossnagle 0-0: Foul Ball, location: 2F
0-1: Swinging Strike
0-2: Ball
1-2: Strikes out swinging
Top of the 8th over - 1 run(s), 2 hit(s), 0 error(s), 0 left on base; Bellevue 6 - Kennesaw 0
BOTTOM OF THE 8TH
Kennesaw Jets batting - Pitching for Bellevue Bruins : RHP Alfonso Santa Maria
Now at 3B: Luis Rodríguez
Batting: SHB Buck Bettis 0-0: Swinging Strike
0-1: Called Strike
0-2: Strikes out swinging
Batting: RHB Elliot Alderson 0-0: Called Strike
0-1: Ball
1-1: Foul Ball, location: 2F
1-2: Ball
2-2: Foul Ball, location: 2F
2-2: Foul Ball, location: 2F
2-2: Foul Ball, location: 2F
2-2: Foul Ball, location: 2F
2-2: Ball
3-2: Foul Ball, location: 2F
3-2: Base on Balls
Pitching: RHP Elton Mobley
Batting: RHB Ernesto López 0-0: Fly out, F9 (Line Drive, 9M)
Batting: RHB Ben Simpson 0-0: Called Strike
0-1: Ball
1-1: Ground out 2-3 (Groundball, 2R)
Bottom of the 8th over - 0 run(s), 0 hit(s), 0 error(s), 1 left on base; Bellevue 6 - Kennesaw 0
TOP OF THE 9TH
Bellevue Bruins batting - Pitching for Kennesaw Jets : LHP Troy Thorn
Batting: RHB Luis Ríos 0-0: Foul Ball, location: 2F
0-1: Ball
1-1: Ball
2-1: Fly out, F5 (Line Drive, 5S)
Batting: LHB Orlando López 0-0: Ball
1-0: Foul Ball, location: 2F
1-1: DOUBLE (Line Drive, 7LM)
Batting: RHB Nick Hoskins 0-0: Ground out 5-3 (Groundball, 5L)
Batting: RHB Jesús Vargas 0-0: Ball
1-0: Called Strike
1-1: Foul Ball, location: 2F
1-2: Ball
2-2: Strikes out looking
Top of the 9th over - 0 run(s), 1 hit(s), 0 error(s), 1 left on base; Bellevue 6 - Kennesaw 0
BOTTOM OF THE 9TH
Kennesaw Jets batting - Pitching for Bellevue Bruins : RHP Elton Mobley
Now in CF: Edgar González
Batting: RHB Marc Beck 0-0: Ball
1-0: Ball
2-0: Ball
3-0: Called Strike
3-1: Base on Balls
Batting: RHB Juan Camacho 0-0: Fly out, F6 (Line Drive, 56)
Batting: RHB José Piña 0-0: Ball
1-0: Foul Ball, location: 2F
1-1: Foul Ball, location: 2F
1-2: Ball
2-2: SINGLE (Line Drive, 8LS)
Marc Beck to second
Batting: LHB Raúl Godines 0-0: Ball
1-0: Ball
2-0: Ball
3-0: Called Strike
3-1: Fly out, F8 (Popup, 6MD)
Batting: RHB Christopher Pabst 0-0: Ground out 5-3 (Groundball, 56S)
Bottom of the 9th over - 0 run(s), 1 hit(s), 0 error(s), 2 left on base; Bellevue 6 - Kennesaw 0
This league is powered by Out of the Park Baseball, the baseball management simulation game for PC, Mac and Linux
Monday, October 3rd, 2016 - OOTP Baseball 16.9 Build 39